 Dungeon Crawl Stone Soup version 0.32-a0-732-ga344392067 (webtiles) character file.

Game seed: 5403642017284517980

65 Esekla the Sneak (level 4, 31/31 HPs)
             Began as an Octopode Delver on Mar 16, 2024.
             Quit the game on level 5 of the Dungeon.
             The game lasted 00:01:57 (221 turns).

Esekla the Sneak (Octopode Delver)                   Turns: 221, Time: 00:01:58

Health: 31/31      AC:  1    Str: 11    XL:     4   Next: 14%
Magic:  5/5        EV: 12    Int: 14    God:
Gold:   19         SH:  0    Dex: 13    Spells: 5/5 levels left

rFire   . . .        a - +0 falchion
rCold   . . .        (no shield)
rNeg    . . .        (helmet restricted)
rPois   .            (no amulet)
rElec   .            (no ring)
rCorr   .            (no ring)
SInv    .            (no ring)
Will    .....        (no ring)
Stlth   +++++        (no ring)
HPRegen 0.25/turn    (no ring)
MPRegen 0.09/turn    (no ring)
                     (no ring)

%: no passive effects
@: no status effects
A: almost no armour, amphibious, 8 rings, camouflage 1, gelatinous body 1,
(nimble swimmer 1), tentacles
a: no special abilities


You were on level 5 of the Dungeon.
You visited 1 branch of the dungeon, and saw 1 of its levels.

You collected 19 gold pieces.

Inventory:

Hand Weapons
 a - a +0 falchion (weapon)
Wands
 f - a wand of digging (3)
Scrolls
 b - a scroll of fog
 c - a scroll of amnesia {unknown}
Potions
 e - a potion of haste


   Skills:
 * Level 3.4 Fighting
 + Level 2.1 Long Blades
 * Level 2.4 Dodging
 + Level 7.6 Stealth
 * Level 1.0 Spellcasting


You had 5 spell levels left.
You didn't know any spells.
Your spell library contained the following spells:

 Spells                   Type           Power      Damage    Failure   Level
 Cigotuvi's Dreadful Rot  Necr/Alch/Air  0%         N/A       36%         2
 Dispel Undead            Necr           0%         3d6       95%         4
 Martyr's Knell           Necr/Summ      0%         N/A       95%         4


Dungeon Overview and Level Annotations

Branches:
Dungeon (5/15)
 Temple: D:4-7

Altars:
Ashenzari
Okawaru


Innate Abilities, Weirdness & Mutations

You cannot wear most types of armour.
You are amphibious.
You can wear up to eight rings at the same time.
Your skin changes colour to match your surroundings (Stealth+).
Your rubbery body absorbs attacks. (AC +1, EV +1)
((You are camouflaged when in or above water. (Stealth+)))
You have tentacles for arms and can constrict up to eight enemies at once.


Message History

The scorpion is almost dead.
You constrict the scorpion. The scorpion misses you.
You hit the scorpion.
You kill the scorpion!
Your Stealth skill increases to level 7!
Your Spellcasting skill increases to level 1!
You have reached level 3!
Your experience leads to an increase in your attributes!
Increase (S)trength, (I)ntelligence, or (D)exterity?
You feel clever. x2
You have reached level 4!
You start resting.
HP restored.
You start resting.
Magic restored.
A goblin comes into view. It is wielding a +0 spear.
A goblin comes into view. It is wielding a +0 spear.
Found an iron altar of Okawaru.
The goblin shouts! x2
Found a scale mail.
Found a stone staircase leading up.
An iguana comes into view.
Found a scroll labelled QAIXIV EFFAX.
Found an escape hatch in the ceiling.
A black bear and a hound come into view.
Found a stone staircase leading up.
A jelly comes into view.
You see here a scroll labelled QAIXIV EFFAX.
c - a scroll labelled QAIXIV EFFAX The hound barks!
The black bear growls angrily.
The jelly quivers.
The jelly jiggles.
Okay, then.
As you read the scroll of fear, it crumbles to dust.
You assume a fearsome visage.
The black bear looks frightened!
The hound looks frightened!
The jelly looks frightened!
You open the door.
There is an open door here.
You close the door.
Found a broken altar of Ashenzari.
Are you sure you want to abandon this character and quit the game? (Confirm with "yes".)

,** #........***,,,,,,,,** ,*
#......#** *,,,,,,*,,* #*
##.....#* *********,**
########....#** *,,**
...J.h......# **,,*
#.#########+## ***#******,*
...### ###...########...,,,,,,,*
.ß...###...ß............,,,,,,,*
....h........##.@.......*,,,,,,**
##....<....####.........*,,,,,,,*
###.....###,*#.........*,,,,,,,*
##.ß.## *,,#.........*,,,,,,,*
***.....#***,##.....###*,,,,<,,*
**,,,.<....***,##....#_+,,,,,,,,*
,,,,,.......,*,**#...###*,,,,,,**
,ß,,,###...ß,+,,,,......*,,,,,,*
,,,*****##..,*,****,,,,,*,,,,,,*


There were no monsters in sight!

Vanquished Creatures
  A scorpion (D:5)
  An adder (D:5)
2 creatures vanquished.

Notes
Turn   | Place    | Note
-------+----------+-------------------------------------------
     0 | D:5      | Esekla the Octopode Delver began the quest for the Orb.
     0 | D:5      | Reached XP level 1. HP: 16/16 MP: 1/1
    21 | D:5      | Noticed a scorpion
    36 | D:5      | Reached XP level 2. HP: 17/21 MP: 2/2
    42 | D:5      | Killed a scorpion
    43 | D:5      | Reached skill level 7 in Stealth
    43 | D:5      | Reached skill level 1 in Spellcasting
    43 | D:5      | Reached XP level 3. HP: 23/26 MP: 2/4
    43 | D:5      | Reached XP level 4. HP: 27/31 MP: 2/5
    87 | D:5      | Found an iron altar of Okawaru.
   195 | D:5      | Noticed a black bear
   219 | D:5      | Found a broken altar of Ashenzari.
   221 | D:5      | Quit the game

Illustrated notes

Levels and vault maps discovered:
D:5:      layout_cave_pods, kennysheep_okawaru_gauntlet,
          ashenzari_conservatory_becter, grunt_ministairs_13,
          kennysheep_generic_room_13

Skill      XL: |  1  2 |
---------------+-------+-----
Stealth        | 7 |  7.6
Spellcasting   | 1 |  1.0
Fighting       | |  3.4
Long Blades    | |  2.1
Dodging        | |  2.4

Action                     |  1- 3 |  4- 6 || total
---------------------------+-------+-------++-------
  Melee: Falchion          |     7 |       ||     7
         Constrict         |     2 |       ||     2
         Tentacles         |     2 |       ||     2
    Use: Scroll            |     1 |     1 ||     2
 Armour: Skin              |     4 |       ||     4
  Dodge: Dodged            |     6 |       ||     6

Table legend: (Time is in decaauts)
 A = Elapsed time spent in this place.
 B = Non-inter-level travel time spent in this place.
 C = Inter-level travel time spent in this place.
 D = Time resting spent in this place.
 E = Time spent auto-exploring this place.
 F = Levels seen in this place.
 G = Mean time per level.
                   A        B        C        D        E       F      G
               +--------+--------+--------+--------+--------+-----+--------+
         Total |    222 |    222 |      0 |     36 |      0 |   1 |  222.0 |
       Dungeon |    222 |    222 |      0 |     36 |      0 |   1 |  222.0 |
               +--------+--------+--------+--------+--------+-----+--------+

Top non-repeatable levels by time:
     D:5: 222 daAuts
